Description

Just a simple terran very beginner opening based off PiG.

Build Order

Get SALT Encoding   

  13  0:00  SCV  
  13  0:09  SCV  
  14  0:17  Supply Depot  
  15  0:24  SCV  
  15  0:29  SCV  
  16  0:40  Barracks  
  16  0:44  Refinery  
  16  0:47  SCV  
  17  0:55  SCV  
  18  1:08  SCV  
  19  1:27  Reaper  
  20  1:28  Orbital Command  
  20  1:40  Command Center  
  20  1:52  Supply Depot  
  21  1:53  SCV  
  21  1:57  Marine  
  22  2:00  SCV  
  23  2:09  Factory  
  23  2:13  SCV  
  25  2:19  Marine, Refinery  
  25  2:27  Bunker  
  26  2:30  SCV  
  26  2:36  Marine  
  28  2:43  SCV  
  28  2:53  Orbital Command  
  31  2:54  Hellion  
  31  2:56  Barracks Reactor  
  31  3:00  SCV  
Spawning Tool Build Advisor. Get it on Overwolf

Go to:

Details

  • Created by: TNoDz
  • Published on: Sep 10, 2021
  • Modified on: Sep 13, 2021
  • Patch: 4.11.0
  • Difficulty: Easy
Show
View Real Time Build Order
Export as new Build Order

Comments (0)

There are no comments. Be the first!

Create an account to comment!